Map: Divergence LE

Players

PHs - Winner!

  • Race: Terran Terran
  • Spawn Location: 11:00

Jimmy - Winner!

  • Race: Zerg Zerg
  • League: Platinum
  • Spawn Location: 11:00

Massa

  • Race: Terran Terran
  • League: Gold
  • Spawn Location: 5:00

qqq

  • Race: Zerg Zerg
  • League: Platinum
  • Spawn Location: 5:00

VOD

Have the link to the VOD?

Description

Time

  • Played on: May 19, 2020, 3:36 p.m.
  • Length: 12:00
Show
View Real Time Build Order
Export as new Build Order

PHs Terran - Winner!

Build Orders: Command Center First (CC) 

Get SALT Encoding   

  12  0:01  SCV  
  13  0:13  SCV  
  14  0:17  Supply Depot  
  14  0:25  SCV  
  15  0:39  SCV  
  16  0:51  SCV  
  17  1:06  SCV  
  18  1:11  Command Center  
  18  1:18  SCV  
  18  1:22  Barracks  
  19  1:31  SCV  
  20  1:33  Barracks  
  20  1:43  SCV  
  20  1:46  Barracks  
  21  1:55  SCV  
  22  2:01  Barracks  
  22  2:09  Refinery  
  22  2:12  Refinery  
  22  2:21  Orbital Command  
  22  2:25  SCV  
  23  2:36  Marine  
  24  2:37  SCV, Marine  
  24  2:38  Marine  
  27  2:49  SCV x2  
  29  2:57  Supply Depot  
  29  3:01  SCV x2  
  29  3:03  Marine x2  
  33  3:09  Marine  
  33  3:10  Marine  
  35  3:15  SCV x2  
  37  3:27  SCV  
  38  3:31  Barracks Reactor x2, Barracks Tech Lab x2  
  37  3:58  Marauder x2  
  41  4:10  Marine x3, Engineering Bay  
  41  4:11  Marine  
  41  4:12  Engineering Bay  
  43  4:19  Marauder, Marine  
  45  4:28  Marine  
  46  4:36  Marine x3  
  46  4:37  Marine  
  50  4:41  Marauder  
  50  4:46  Marine  
  48  4:54  Marine x3  
  48  4:55  Marauder  
  53  5:03  Marine  
  53  5:11  Marine  
  54  5:27  Marine x2  
  54  5:28  SCV x2, Marauder x2  
  62  5:32  Marine x2  
  60  5:39  Terran Infantry Weapons Level 1  
  60  5:40  Terran Infantry Armor Level 1  
  60  5:42  SCV  
  61  5:43  SCV  
  62  5:56  Supply Depot  
  62  6:04  Marine  
  62  6:05  SCV x2  
  62  6:17  Marine x2  
  62  6:18  SCV x2, Marauder x2  
  70  6:25  Marine x2  
  70  6:30  SCV x2  
  68  6:39  Marauder x2  
  70  6:51  Refinery  
  70  6:52  Orbital Command  
  70  6:53  Refinery  
  70  6:57  Supply Depot  
  70  6:59  Supply Depot  
  70  7:00  Supply Depot  
  70  7:02  Combat Shield, Supply Depot  
  70  7:04  Factory, Stimpack  
  70  7:09  Supply Depot  
  70  7:10  Supply Depot  
  70  7:18  SCV  
  70  7:19  Marauder x2  
  70  7:20  Marine  
  70  7:21  Barracks, Marine x3, Supply Depot  
  79  7:24  SCV  
  80  7:30  SCV  
  80  7:34  Missile Turret  
  81  7:38  Marine  
  81  7:40  Marauder x2  
  81  7:42  Missile Turret  
  81  7:43  SCV  
  87  7:48  Armory  
  87  7:50  Factory Tech Lab  
  87  7:54  Starport  
  87  8:01  Marauder x2  
  87  8:04  Marine  
  87  8:05  Marine x3  
  95  8:15  Marine  
  96  8:21  Concussive Shells  
  96  8:22  Marine, Siege Tank  
  96  8:23  Marauder x2  
  104  8:29  Supply Depot  
  104  8:30  Starport Reactor  
  99  8:44  Marauder x2  
  70  9:04  Marine  
  70  9:05  Marine x4  
  70  9:06  Marauder x2  
  76  9:13  Terran Infantry Weapons Level 2  
  76  9:18  Terran Infantry Armor Level 2  
  76  9:22  Marine x2, Medivac  
  76  9:23  Marine x2  
  83  9:25  Medivac  
  83  9:27  Marauder x2  
  83  9:28  Barracks Reactor  
  88  9:35  SCV  
  88  9:36  SCV  
  90  9:44  Supply Depot  
  90  9:47  SCV  
  90  9:48  SCV, Marauder x2, Supply Depot  
  90  9:49  Siege Tank  
  99  9:55  Medivac  
  99  9:56  Medivac  
  103  10:00  SCV x2, Marine x2  
  103  10:01  Marine  
  103  10:05  Marine x2  
  109  10:07  Marine  
  109  10:10  Marauder  
  109  10:12  SCV  
  113  10:17  Marine x2  
  113  10:18  Marine  
  116  10:22  Marine  
  116  10:23  Marine x2  
  119  10:31  Marauder  
  123  10:35  Marauder  
  112  11:15  Marine  
  112  11:16  Marauder x2, Marine x3  
  107  11:37  Marauder  
  107  11:38  Marauder  
  105  11:40  Marine x4  
  105  11:41  Marine x2  
Show
View Real Time Build Order
Export as new Build Order

Jimmy Zerg - Winner!

Build Orders: Pool First, Muta Ling Bane, Zergling Baneling 

Get SALT Encoding   

  12  0:01  Drone  
  13  0:22  Spawning Pool  
  13  0:25  Drone  
  13  0:32  Extractor  
  13  0:33  Drone  
  13  0:41  Overlord  
  13  0:46  Drone  
  14  1:00  Drone x2  
  16  1:10  Queen  
  18  1:19  Zergling x2  
  18  1:21  Zergling x2  
  20  1:34  Zergling x2  
  20  1:37  Metabolic Boost  
  21  2:06  Hatchery, Drone  
  21  2:13  Overlord  
  21  2:22  Zergling x2  
  22  2:28  Overlord  
  22  2:34  Drone x2  
  22  2:35  Drone  
  26  2:51  Zergling x8  
  26  2:57  Baneling Nest  
  26  2:58  Drone  
  28  3:10  Drone  
  29  3:19  Queen  
  29  3:20  Drone  
  29  3:25  Extractor  
  31  3:27  Drone  
  31  3:28  Drone x3  
  31  3:31  Drone  
  36  3:37  Drone  
  37  3:42  Baneling  
  37  3:43  Baneling x3  
  37  3:44  Zergling x2  
  38  3:53  Zergling x6  
  38  3:54  Zergling x2  
  37  4:07  Zergling x6  
  38  4:15  Zergling x4  
  40  4:21  Zergling x2  
  37  4:29  Baneling x2  
  37  4:30  Baneling x2  
  35  4:34  Zergling x4  
  35  4:35  Zergling x2  
  37  4:43  Zergling x4  
  37  4:44  Zergling x2  
  37  4:45  Overlord x2  
  35  4:58  Zergling x2  
  35  4:59  Overlord  
  36  5:05  Zergling x6  
  38  5:17  Zergling x4  
  32  5:38  Zergling x8  
  36  5:43  Roach Warren  
  36  5:44  Drone  
  36  5:45  Drone x2  
  38  5:50  Lair  
  38  5:53  Drone  
  38  5:57  Drone  
  40  6:03  Drone  
  41  6:11  Zergling x8  
  44  6:15  Drone  
  46  6:18  Baneling  
  46  6:19  Baneling x2  
  42  6:34  Zergling x6  
  43  6:47  Drone x2  
  43  6:48  Drone x4  
  43  6:49  Drone x3  
  52  7:00  Spire  
  51  7:02  Drone  
  51  7:06  Drone  
  53  7:11  Centrifical Hooks  
  53  7:17  Extractor  
  53  7:18  Drone  
  53  7:19  Extractor, Drone x2  
  53  7:20  Drone  
  55  7:23  Drone  
  56  7:32  Drone  
  56  7:33  Drone x2  
  59  7:51  Hatchery, Drone  
  58  7:52  Overlord x3  
  58  7:57  Glial Reconstitution  
  59  8:02  Spore Crawler  
  59  8:05  Drone, Spore Crawler  
  59  8:07  Drone  
  59  8:12  Spore Crawler  
  58  8:13  Spore Crawler  
  57  8:20  Drone  
  57  8:21  Drone  
  57  8:26  Evolution Chamber  
  58  8:29  Evolution Chamber  
  58  8:32  Roach x3  
  58  8:33  Roach  
  65  8:35  Roach  
  67  8:42  Mutalisk  
  67  8:51  Zergling x6  
  67  8:52  Zergling x6  
  66  8:56  Mutalisk  
  68  9:04  Mutalisk x2  
  72  9:14  Queen  
  72  9:15  Drone x2  
  76  9:24  Mutalisk x3  
  76  9:27  Mutalisk  
  76  9:30  Drone  
  85  9:35  Mutalisk x2  
  89  9:43  Overlord x2  
  89  9:47  Drone  
  90  9:59  Infestation Pit  
  85  11:06  Hatchery  
  84  11:11  Evolution Chamber  
  84  11:15  Roach x6  
  84  11:16  Roach x7  
  84  11:17  Roach  
  105  11:23  Overlord x3  
  105  11:24  Zergling x2  
  105  11:25  Overlord x2  
  106  11:26  Overlord x4  
Show
View Real Time Build Order
Export as new Build Order

Massa Terran 

Build Orders:  

Get SALT Encoding   

  12  0:13  SCV  
  13  0:14  Supply Depot  
  13  0:25  SCV  
  14  0:37  SCV  
  14  0:41  Barracks  
  15  0:49  SCV  
  16  1:05  SCV  
  16  1:10  Barracks  
  17  1:17  SCV  
  18  1:19  Supply Depot  
  18  1:29  SCV  
  19  1:36  Marine  
  20  1:42  Barracks  
  20  1:49  Supply Depot  
  20  1:54  Marine  
  21  2:07  Marine  
  21  2:12  Marine  
  21  2:14  Refinery, Orbital Command  
  22  2:24  Marine  
  23  2:30  Marine  
  23  2:33  Marine  
  23  2:34  Bunker  
  25  2:42  Marine  
  26  2:47  Marine  
  26  2:51  Marine  
  27  2:52  SCV  
  29  3:00  Barracks, Marine  
  29  3:04  SCV  
  29  3:05  Marine  
  31  3:09  Marine  
  31  3:11  Supply Depot  
  33  3:22  Marine  
  33  3:23  Marine  
  33  3:27  Marine  
  36  3:37  Factory  
  36  3:40  Marine  
  36  3:41  Marine  
  37  3:46  Marine  
  37  3:47  Marine  
  40  3:58  Marine  
  40  3:59  Marine  
  42  4:04  Marine  
  40  4:23  Marine  
  40  4:24  Marine x3  
  42  4:25  Command Center  
  44  4:41  Marine x2  
  41  4:53  Marine x2  
  41  4:56  Factory Tech Lab  
  41  4:58  SCV  
  41  4:59  Marine x2  
  44  5:10  SCV  
  44  5:11  Marine x2  
  37  5:17  Marine x2  
  39  5:22  SCV  
  39  5:28  Marine  
  39  5:29  Marine  
  39  5:34  SCV  
  39  5:35  Marine x2  
  40  5:38  Siege Tank  
  43  5:46  SCV, Marine x2  
  45  5:52  Marine  
  45  5:53  Marine  
  45  5:56  SCV  
  48  5:58  SCV  
  49  6:04  Marine x2  
  49  6:10  Siege Tank  
  50  6:36  Marine  
  50  6:37  Marine x3  
  54  6:59  Marine x4  
  58  7:09  SCV  
  58  7:14  Engineering Bay  
  59  7:17  Marine x3  
  59  7:18  Refinery  
  59  7:19  Starport  
  59  7:22  Supply Depot  
  62  7:24  Supply Depot  
  62  7:29  SCV, Marine  
  64  7:35  Marine x3  
  64  7:36  SCV  
  68  7:41  SCV, Engineering Bay  
  69  7:47  Missile Turret  
  69  7:48  SCV  
  70  7:53  SCV  
  70  7:58  Medivac  
  73  8:00  SCV  
  73  8:01  Terran Infantry Weapons Level 1  
  73  8:02  Barracks Tech Lab  
  73  8:04  Barracks Reactor  
  74  8:12  Missile Turret  
  74  8:19  Marine x2  
  76  8:20  Marine  
  77  8:28  Medivac  
  77  8:32  Missile Turret  
  79  8:36  Marine  
  79  8:37  Marine  
  79  8:38  Marine  
  81  8:54  Marine  
  49  9:12  Siege Tank  
  49  9:15  Marauder, Marine x4  
  58  9:18  Refinery  
  58  9:21  Refinery  
  58  9:22  Orbital Command  
  58  9:33  Marine x4  
  58  9:36  Marine  
  58  9:37  Combat Shield  
  63  9:44  Siege Tank  
  66  9:51  Marine x2  
  70  9:54  Marauder  
  70  9:57  Barracks Reactor  
  70  10:06  Barracks Tech Lab, Medivac  
  72  10:08  Marine  
  72  10:09  Marine  
  74  10:16  Marauder  
  76  10:26  Marine x2  
  76  10:37  Marauder  
  43  11:24  Marauder x2, Marine x4  
  50  11:37  Factory  
  41  11:41  Marine  
  41  11:42  Marine x3  
Show
View Real Time Build Order
Export as new Build Order

qqq Zerg 

Build Orders: Hatch First 

Get SALT Encoding   

  12  0:03  Drone  
  13  0:13  Drone  
  14  0:40  Hatchery  
  13  0:52  Spawning Pool  
  12  0:58  Overlord  
  12  1:03  Drone  
  13  1:07  Drone  
  14  1:21  Drone  
  14  1:22  Drone  
  14  1:25  Extractor  
  15  1:38  Zergling x2  
  16  1:45  Zergling x2  
  16  1:46  Spine Crawler  
  16  1:53  Zergling x2  
  17  1:55  Queen  
  17  1:57  Zergling x2  
  20  2:04  Zergling x2  
  20  2:05  Drone  
  22  2:20  Zergling x2  
  22  2:22  Drone  
  24  2:30  Drone  
  24  2:31  Queen  
  27  2:39  Overlord  
  27  2:47  Metabolic Boost  
  27  2:51  Zergling x2  
  28  2:58  Overlord  
  28  3:11  Drone x2  
  28  3:12  Zergling x2  
  31  3:14  Zergling x2  
  32  3:23  Baneling Nest  
  32  3:25  Drone  
  32  3:33  Zergling x2  
  32  3:34  Zergling x2  
  34  3:41  Overlord  
  34  3:50  Zergling x2  
  29  3:58  Zergling x6  
  29  4:02  Drone x2  
  32  4:03  Zergling x4  
  32  4:06  Zergling x2  
  35  4:18  Zergling x2  
  34  4:24  Zergling x2  
  34  4:25  Zergling x6  
  37  4:38  Zergling x4  
  37  4:39  Zergling x4  
  37  4:57  Zergling x2  
  38  5:05  Drone, Zergling x2  
  38  5:06  Zergling x4  
  38  5:16  Baneling x4  
  38  5:24  Zergling x4  
  34  5:29  Roach Warren  
  31  5:38  Drone, Zergling x6  
  31  5:39  Drone x3  
  36  5:52  Zergling x2  
  36  5:53  Drone, Zergling x2  
  39  5:58  Hatchery  
  39  6:03  Drone  
  39  6:10  Roach x2  
  43  6:14  Overlord  
  38  6:35  Roach x3  
  38  6:36  Roach  
  42  6:40  Roach x4  
  50  6:51  Lair  
  50  6:52  Roach  
  50  6:53  Overlord  
  52  7:03  Overlord x2  
  52  7:13  Drone  
  52  7:14  Drone  
  52  7:15  Zergling x6  
  57  7:17  Ravager  
  57  7:19  Zergling x2  
  57  7:21  Drone, Zergling x2  
  61  7:25  Drone, Zergling x2  
  61  7:26  Roach  
  61  7:27  Drone  
  66  7:33  Roach x2  
  66  7:36  Drone  
  71  7:45  Zergling x6  
  71  7:48  Spine Crawler  
  71  7:49  Drone  
  74  7:53  Spine Crawler  
  74  7:56  Drone  
  74  7:57  Spore Crawler  
  73  8:02  Queen  
  75  8:07  Roach  
  75  8:09  Ravager  
  75  8:11  Drone x2  
  80  8:15  Roach  
  82  8:26  Spore Crawler  
  81  8:31  Spore Crawler  
  73  8:37  Zergling x6  
  73  8:38  Zergling x6  
  73  8:39  Drone x3, Zergling x2  
  81  8:44  Spine Crawler  
  63  9:08  Glial Reconstitution  
  50  9:12  Drone x3  
  50  9:13  Zergling x4, Evolution Chamber, Roach x2  
  50  9:14  Zergling x6  
  61  9:23  Extractor  
  60  9:34  Roach  
  60  9:35  Drone x2, Zergling x2  
  60  9:36  Zergling x2  
  66  9:50  Drone  
  66  9:52  Drone x3  
  70  9:53  Drone, Hatchery  
  70  10:01  Roach  
  70  10:02  Zergling x10  
  70  10:04  Roach x2  
  80  10:25  Spore Crawler x2  
  80  10:26  Drone x3, Spore Crawler  
  80  10:27  Hatchery  
  79  10:29  Spore Crawler  
  79  10:30  Spore Crawler  
  79  10:31  Drone x2, Spore Crawler  
  79  10:32  Spore Crawler  
  77  10:39  Hydralisk Den  
  76  10:51  Spore Crawler  
  76  10:53  Spore Crawler  
  76  10:55  Drone x2, Spore Crawler x2  
  74  10:57  Overlord  
  57  11:23  Roach x2  
  57  11:24  Roach x4  
  57  11:25  Roach x3  
Tags
 
Add a new tag
Caveats
  • Supply blocks, unpowered buildings, or Contaminate may cause inaccurate times.
  • Supply counts are checked every 10 seconds.